 Dungeon Crawl Stone Soup version 0.31.0-12-g77e489cdc1 (webtiles) character file.

Game seed: 6595679163133422411

655 Zkahoot the Conjurer (level 7, -6/46 HPs)
             Began as a Demonspawn Conjurer on Feb 12, 2024.
             Was an Initiate of Gozag.
             Mangled by an ogre
             ... wielding a +0 giant spiked club
              (35 damage)
             ... on level 4 of the Dungeon.
             The game lasted 00:08:06 (4340 turns).

Zkahoot the Conjurer (Demonspawn Conjurer)          Turns: 4340, Time: 00:08:07

Health: -6/46      AC:  2    Str:  7    XL:     7   Next: 29%
Magic:  0/13       EV: 12    Int: 21    God:    Gozag
Gold:   301        SH:  0    Dex: 11    Spells: 7/14 levels left

rFire   . . .        c - +0 dagger
rCold   . . .        (no shield)
rNeg    . . .        a - +0 robe
rPois   .            (helmet restricted)
rElec   .            (no cloak)
rCorr   .            (no gloves)
SInv    .            (no boots)
Will    .....        (no amulet)
Stlth   ++           (no ring)
HPRegen 0.27/turn    (no ring)
MPRegen 0.26/turn

%: guardian spirit
@: no status effects
A: horns 2, magic shield, magic regeneration
a: Renounce Religion, Potion Petition, Call Merchant, Bribe Branch


You were on level 4 of the Dungeon.
You worshipped Gozag.
Gozag was aware of your devotion.
You visited 2 branches of the dungeon, and saw 6 of its levels.

You collected 365 gold pieces.
You paid 64 gold pieces to Gozag.

Inventory:

Hand Weapons
 c - a +0 dagger (weapon)
Missiles
 v - a throwing net
Armour
 a - a +0 robe (worn)
 u - a +1 helmet of see invisible
Jewellery
 q - a ring of magical power
 w - a ring of flight
Wands
 s - a wand of charming (10)
Scrolls
 d - a scroll of revelation {unknown}
 f - a scroll of enchant weapon {unknown}
 g - 3 scrolls of identify {unknown}
 j - a scroll of amnesia {unknown}
 k - a scroll of fear {unknown}
 n - 2 scrolls of teleportation {unknown}
 r - 2 scrolls of fog {unknown}
Potions
 b - a potion of magic
 e - 2 potions of curing {unknown}
 h - a potion of might {unknown}
 i - a potion of haste {unknown}
 l - a potion of enlightenment {unknown}
 m - a potion of attraction {unknown}
 o - a potion of berserk rage {unknown}
 p - 3 potions of ambrosia {unknown}
 t - 3 potions of mutation {unknown}


   Skills:
 - Level 1.8 Dodging
 - Level 1.8 Stealth
 + Level 4.4 Spellcasting
 + Level 6.2 Conjurations
 - Level 4.0 Translocations


You had 7 spell levels left.
You knew the following spells:

 Your Spells              Type           Power      Damage    Failure   Level
a - Magic Dart            Conj           100%       1d8       1%          1
b - Searing Ray           Conj           60%        2d6       1%          2
c - Iskenderun's Mystic   Conj/Tloc      26%        2d7       14%         4

Your spell library contained the following spells:

 Spells                   Type           Power      Damage    Failure   Level
 Stone Arrow              Conj/Erth      34%        3d9       10%         3
 Sandblast                Erth           8%         2d5       12%         1
 Brom's Barrelling Bould  Conj/Erth      17%        2d4       32%         4
 Fulminant Prism          Conj/Alch      8%         3d6       32%         4
 Passwall                 Erth           4%         N/A       34%         3


Dungeon Overview and Level Annotations

Branches:
Dungeon (5/15)             Temple (1/1) D:4

Altars:
Ashenzari
Cheibriados
Fedhas
Gozag
Hepliaklqana
Kikubaaqudgha
Makhleb
Okawaru
Qazlal
Sif Muna
Trog
Uskayaw
Wu Jian
Xom


Innate Abilities, Weirdness & Mutations

You have a pair of horns on your head.
When hurt, damage is shared between your health and your magic reserves.
You regenerate magic rapidly.


Message History

The ice beast hits you. The ice beast freezes you!
Unknown command.
Casting: Searing Ray (safe; 1% risk of failure)
Confirm with . or Enter, or press ? or * to list all spells.
You erupt in a blast of force!
The mystic blast hits the ogre.
The ogre is heavily wounded.
The ogre is knocked back by the mystic blast.
The mystic blast hits the ice beast.
The ice beast is severely wounded.
The ice beast is knocked back by the mystic blast.
The mystic blast hits the ogre.
The ogre is severely wounded.
The ogre is knocked back by the mystic blast.
The ogre slams into the stone wall!
The ogre is almost dead.
You hear a shout!
You hear a bark!
Unknown command.
An ice beast comes into view.
A jackal comes into view.
The ice beast misses you.
An adder comes into view.
The ice beast attacks as it pursues you!
The ice beast hits you. The ice beast freezes you.
There is a stone staircase leading up here.
The ice beast barely misses you.
You climb upwards.
There is a stone staircase leading down here.
Unknown command.
Casting: Iskenderun's Mystic Blast (quite dangerous; 14% risk of failure)
Confirm with . or Enter, or press ? or * to list all spells.
You erupt in a blast of force!
The mystic blast hits the ogre!
The ogre is almost dead.
The ogre is knocked back by the mystic blast.
The mystic blast hits the ice beast.
The ice beast is almost dead.
The ice beast is knocked back by the mystic blast.
Unknown command.
The ogre hits you with a +0 giant spiked club!!!
Ouch! That really hurt!
You die...
Your body crumbles into a pile of gold.

#.'.......'. ##.#.......##
#..#####...# ##.## #...# #..#
####### #####.## #......
######## #>....#### #.#####
#......# #.OY.....# #.#....
#......# #@.......# #.#.###
#......# #........# #.#.#
#......# #........# #.#.#
#......# #........# #.#.#
#......# #.#.###### #.#.#
###....#####.#.# #.#.#
####....#.....).########.#.#
#.......#.###...)........#.#
#.....###.....####...###.#.###


You could see an ice beast and an ogre.

Vanquished Creatures
  Sigmund (D:2)
  A phantom (D:4)
  Blork the orc (D:4)
  A hound (D:2)
  4 iguanas
  4 gnolls (D:3)
  5 adders
  A shadow imp (D:4)
  6 dart slugs
  2 ribbon worms
  7 orcs
  3 bats
  7 endoplasms
  9 giant cockroaches
  7 goblins
  16 hobgoblins
  5 jackals
  3 quokkas
  10 ball pythons
  2 frilled lizards (D:1)
  10 kobolds
  4 rats
109 creatures vanquished.

Notes
Turn   | Place    | Note
-------+----------+-------------------------------------------
     0 | D:1      | Zkahoot the Demonspawn Conjurer began the quest for the
                  | Orb.
     0 | D:1      | Reached XP level 1. HP: 13/13 MP: 3/3
   300 | D:1      | Gained mutation: You regenerate magic rapidly. [demonic
                  | ancestry]
   300 | D:1      | Reached XP level 2. HP: 19/19 MP: 3/5
   362 | D:1      | Learned a level 2 spell: Searing Ray
   734 | D:1      | Gained mutation: You have a pair of small horns on your
                  | head. [demonic ancestry]
   734 | D:1      | Reached XP level 3. HP: 24/24 MP: 1/6
  1239 | D:2      | Noticed Sigmund
  1408 | D:2      | Killed Sigmund
  1409 | D:2      | Reached skill level 5 in Conjurations
  1409 | D:2      | Reached XP level 4. HP: 30/30 MP: 1/9
  1409 | D:2      | Gained mutation: When hurt, damage is shared between your
                  | health and your magic reserves. [demonic ancestry]
  1409 | D:2      | Reached XP level 5. HP: 35/35 MP: 1/10
  1488 | D:2      | Learned a level 4 spell: Iskenderun's Mystic Blast
  1635 | D:2      | Reached skill level 1 in Translocations
  1896 | D:2      | Reached XP level 6. HP: 37/41 MP: 6/11
  3364 | D:4      | Found a staircase to the Ecumenical Temple.
  3397 | Temple   | Entered the Ecumenical Temple
  3474 | Temple   | Became a worshipper of Gozag Ym Sagoz the Greedy
  3850 | D:4      | Gained mutation: You have a pair of horns on your head.
                  | [demonic ancestry]
  3850 | D:4      | Reached XP level 7. HP: 42/46 MP: 9/13
  3942 | D:4      | Noticed Blork the orc
  3948 | D:4      | Killed Blork the orc
  3949 | D:4      | Reached skill level 6 in Conjurations
  4283 | D:5      | Entered Level 5 of the Dungeon
  4340 | D:4      | Mangled by an ogre

Illustrated notes

Levels and vault maps discovered:
D:1:      minmay_arrival_wavy_path, layout_loops_ring, st_stairs_3,
          chequers_arboretum, serial_park_tiny_2, minivault_5,
          minmay_worlds_worst_comb
D:2:      layout_basic, minmay_indecisive_spiral, uniq_sigmund
D:3:      layout_loops_ring
D:4:      minmay_octagon_keep, layout_basic, minmay_temple_entry_fiery,
          uniq_blork_the_orc
D:5:      layout_basic, grunt_temple_overflow_open, minmay_misc_feat_tower,
          minmay_stone_trees_small, minmay_chambers_of_fives
Temple:   minmay_temple_bridge_d

Skill      XL: |  1  2  3  4  5  6  7 |
---------------+----------------------+-----
Spellcasting   | 3 4 |  4.4
Conjurations   | 5 6 |  6.2
Translocations | 2 4 |  4.0
Dodging        | |  1.8
Stealth        | |  1.8

Action                     |  1- 3 |  4- 6 |  7- 9 || total
---------------------------+-------+-------+-------++-------
  Melee: Dagger            |    19 |       |       ||    19
         Punch             |     1 |       |       ||     1
   Cast: Magic Dart        |    56 |    85 |    16 ||   157
         Searing Ray       |     5 |    23 |     9 ||    37
         Iskenderun's Myst |       |       |     2 ||     2
 Armour: Robe              |    16 |    15 |     6 ||    37
  Dodge: Dodged            |    30 |    13 |     4 ||    47
